 Dungeon Crawl Stone Soup version 0.28.0-47-ge53b351184 (webtiles) character file.

Game seed: 9346324922147795885

11 DemonSlayer the Firebug (level 2, -3/19 HPs)
             Began as a Demonspawn Fire Elementalist on Apr 29, 2022.
             Slain by a gnoll
             ... wielding a +0 spear
              (6 damage)
             ... on level 1 of the Dungeon.
             The game lasted 00:01:12 (566 turns).

DemonSlayer the Firebug (DsFE)                       Turns: 566, Time: 00:01:13

Health: -3/19      AC:  2    Str:  8    XL:     2   Next: 17%
Magic:  4/5        EV: 12    Int: 16    God:
Gold:   26         SH:  0    Dex: 13    Spells: 4/5 levels left

rFire   . . .      SeeInvis .   c - +0 whip
rCold   . . .      Faith    .   (no shield)
rNeg    . . .      Spirit   .   a - +0 robe
rPois   .          Reflect  .   (helmet restricted)
rElec   .          Harm     .   (no cloak)
rCorr   .          Rampage  .   (no gloves)
Will    .....                   (no boots)
Stlth   ++........              (no amulet)
HPRegen 0.06/turn               (no ring)
MPRegen 0.09/turn               (no ring)

@: no status effects
A: antennae 1
a: no special abilities


You were on level 1 of the Dungeon.
You visited 1 branch of the dungeon, and saw 1 of its levels.

You collected 26 gold pieces.

Inventory:

Hand Weapons
 c - a +0 whip (weapon)
Armour
 a - a +0 robe (worn)
Scrolls
 b - 2 scrolls of identify {unknown}
Potions
 d - 2 potions of flight {unknown}


   Skills:
 + Level 2.0 Dodging
 + Level 1.7 Stealth
 + Level 2.0 Spellcasting
 + Level 1.2 Conjurations
 + Level 3.0 Fire Magic


You had 4 spell levels left.
You knew the following spells:

 Your Spells              Type           Power      Damage    Failure   Level
a - Foxfire               Conj/Fire      32%        2x1d5     9%          1

Your spell library contained the following spells:

 Spells                   Type           Power      Damage    Failure   Level
 Scorch                   Fire           22%        2d6       9%          2
 Conjure Flame            Conj/Fire      8%         6-21      26%         3
 Inner Flame              Hex/Fire       6%         N/A       32%         3
 Flame Wave               Conj/Fire      8%         2d5       63%         4


Dungeon Overview and Level Annotations

Branches:
Dungeon (1/15)

Altars:


Innate Abilities, Weirdness & Mutations

You have a pair of small antennae on your head.


Message History

The foxfire hits the bat.
The bat is moderately wounded.
The ball python bites you but does no damage.
The ball python constricts you. The ball python barely misses you.
You conjure some foxfire!
The foxfire hits the bat.
The bat is heavily wounded.
The bat hits you.
The foxfire hits the bat but does no damage.
The bat is heavily wounded.
The ball python bites you. The ball python constricts you.
The ball python bites you.
The ball python's grasp on you weakens, but your attempt to escape fails.
The foxfire hits the ball python.
You kill the ball python!
The bat hits you but does no damage. The ball python bites you.
The ball python constricts you. The ball python bites you.
The ball python constricts you.
You escape the ball python's grasp.
The bat hits you.
* * * LOW HITPOINT WARNING * * *
The bat hits you but does no damage. The ball python closely misses you.
The ball python grabs you. The ball python constricts you.
* * * LOW HITPOINT WARNING * * *
You escape the ball python's grasp.
A gnoll comes into view. It is wielding a +0 spear.
Found 12 gold pieces.
The bat misses you. The bat barely misses you. The bat closely misses you.
The gnoll shouts!
The bat hits you but does no damage.
There is a stone staircase leading down here.
The ball python closely misses you. The ball python grabs you.
You stop descending the stairs.
The ball python constricts you. The bat hits you but does no damage.
The ball python bites you.
* * * LOW HITPOINT WARNING * * *
The ball python constricts you.
Unknown command.
You escape the ball python's grasp.
The gnoll hits you from afar with a +0 spear.
You die...

............. .... #..##.#
..######.8.8. #...###......#
.....###8..÷÷ #...##...# ..#
..#.......÷.. #...#.†..# ..#
........8.... #...#..## #.#
............. #..$##..## #.##
.†#.....8.÷.. #.g.##...###..#
..#.....#########.............#
..###...........@S...#######..#
.#.................### ##.##
......#.........b..########..#
.......#.................##.##
.......##...................#
.......##......(...........##
......###..................#
.#...## ###...###..........#
.##### ##...............#


You could see a gnoll, a bat and a ball python.

Vanquished Creatures
  2 giant cockroaches (D:1)
  2 quokkas (D:1)
  A ball python (D:1)
  3 bats (D:1)
  2 frilled lizards (D:1)
  A kobold (D:1)
  A rat (D:1)
12 creatures vanquished.

Vanquished Creatures (others)
  34 foxfires (D:1)
34 creatures vanquished.

Grand Total: 46 creatures vanquished

Notes
Turn   | Place    | Note
-------+----------+-------------------------------------------
     0 | D:1      | DemonSlayer the Demonspawn Fire Elementalist began the
                  | quest for the Orb.
     0 | D:1      | Reached XP level 1. HP: 13/13 MP: 3/3
   258 | D:1      | Reached skill level 3 in Fire Magic
   371 | D:1      | Discovered your monstrous ancestry.
   371 | D:1      | Gained mutation: You have a pair of small antennae on your
                  | head. [demonic ancestry]
   371 | D:1      | Reached XP level 2. HP: 14/19 MP: 0/5
   566 | D:1      | Slain by a gnoll

Illustrated notes

Levels and vault maps discovered:
D:1:      minmay_arrival_solitary_statue, layout_rooms,
          shapermc_ecumenical_altar_pompeii, minmay_cupped

Skill      XL: |  1 |
---------------+----+-----
Dodging        | 2 |  2.0
Fire Magic     | 3 |  3.0
Stealth        | |  1.7
Spellcasting   | |  2.0
Conjurations   | |  1.2

Action                   || total
-------------------------++-------
Melee: Whip              ||    11
       Unarmed           ||     1
 Cast: Foxfire           ||    20
Armor: Robe              ||    13
Dodge: Dodged            ||    23
